 Dungeon Crawl Stone Soup version 0.26.0-10-g1f06aea511 (webtiles) character file.

Game seed: 1359091260927064200

135 tv1990 the Chopper (level 5, -1/42 HPs)
             Began as a Formicid Monk on Jan 14, 2021.
             Slain by Grinder (2 damage)
             ... on level 3 of the Dungeon.
             The game lasted 00:06:23 (4385 turns).

tv1990 the Chopper (Formicid Monk)                  Turns: 4385, Time: 00:06:24

Health: -1/42      AC:  6    Str: 16    XL:     5   Next: 41%
Magic:  5/5        EV: 10    Int: 10    God:
Gold:   183        SH:  0    Dex: 13    Spells: 4/4 levels left

rFire    . . .     SeeInvis +   a - +0 hand axe
rCold    . . .     Faith    .   (no shield)
rNeg     . . .     Spirit   .   o - +0 scale mail
rPois    .         Reflect  .   (helmet unavailable)
rElec    .         Harm     .   (no cloak)
rCorr    .         Rampage  .   (no gloves)
Will     .....                  (no boots)
Stlth    +.........             (no amulet)
HPRegen  0.14/turn              (no ring)
MPRegen  0.09/turn              (no ring)

@: brilliant, attractive, flying
A: permanent stasis, dig shafts and tunnels, four strong arms, antennae 3
a: Dig, Shaft Self


You were on level 3 of the Dungeon.
You visited 1 branch of the dungeon, and saw 3 of its levels.

You collected 183 gold pieces.

Inventory:

Hand Weapons
 a - a +0 hand axe (weapon)
Missiles
 h - 33 poisoned darts (quivered)
Armour
 b - a +0 robe
 i - a +0 leather armour
 j - a +0 ring mail
 o - a +0 scale mail (worn)
Scrolls
 c - a scroll of enchant weapon {unknown}
 d - 5 scrolls of identify {unknown}
 f - a scroll of teleportation {unknown}
 g - a scroll of fog {unknown}
 m - a scroll of noise {unknown}
 p - a scroll of fear {unknown}


   Skills:
 + Level 4.1 Fighting
 * Level 4.5 Axes
 + Level 2.4 Armour
 - Level 2.6 Dodging
 - Level 2.4 Stealth


You had 4 spell levels left.
You didn't know any spells.
Your spell library was empty.

Dungeon Overview and Level Annotations

Branches:
Dungeon (3/15)

Altars:

Annotations:
D:3 Grinder


Innate Abilities, Weirdness & Mutations

You cannot be hasted, slowed, berserked, paralysed or teleported.
You can dig through walls and to a lower floor.
Your four strong arms can wield two-handed weapons with a shield.
You have a pair of large antennae on your head. (SInv)


Message History

Grinder gestures at you. Pain shoots through your body!
* * * LOW HITPOINT WARNING * * *
You hit Grinder but do no damage.
Grinder is heavily wounded.
Grinder barely misses you.
You barely miss Grinder.
Grinder is heavily wounded.
Grinder closely misses you.
You closely miss Grinder.
Grinder is heavily wounded.
Grinder hits you but does no damage.
You hit Grinder.
Grinder is heavily wounded.
Grinder hits you!
* * * LOW HITPOINT WARNING * * *
You writhe in agony.
* * * LOW HITPOINT WARNING * * *
Grinder hits you.
You die...

#. #.# ##.####.###
#.........######
#..##..#......#
#####..##..#..###.##
#....)........# #..#
.###......#..###.##
###..#.###......###
#.@........##......
#5####.#######.####
#( #.# ##+## #( #.#
##...## .. ..#
##.....## #. ##
##.......# #.
#.....†... #.
+.........
#.........


You could see Grinder.

Vanquished Creatures
  Robin (D:2)
  3 adders
  A howler monkey skeleton (D:2)
  3 worms
  2 dart slugs (D:3)
  2 leopard geckos
  An orc (D:3)
  3 giant cockroaches
  16 goblins
  9 hobgoblins
  6 jackals
  A quokka (D:2)
  5 bats
  A frilled lizard (D:3)
  4 kobolds
  10 rats
68 creatures vanquished.

Notes
Turn   | Place    | Note
-------+----------+-------------------------------------------
     0 | D:1      | tv1990 the Formicid Monk began the quest for the Orb.
     0 | D:1      | Reached XP level 1. HP: 18/18 MP: 1/1
   495 | D:1      | Reached XP level 2. HP: 19/24 MP: 2/2
  1328 | D:1      | Reached skill level 1 in Armour
  1683 | D:2      | Reached XP level 3. HP: 29/29 MP: 3/3
  2603 | D:2      | Reached XP level 4. HP: 37/37 MP: 4/4
  3186 | D:2      | Noticed Robin
  3225 | D:2      | Killed Robin
  3493 | D:3      | Reached XP level 5. HP: 40/42 MP: 5/5
  4364 | D:3      | Noticed Grinder
  4385 | D:3      | HP: 1/42 [Grinder (6)]
  4385 | D:3      | Slain by Grinder

Skill      XL: |  1  2  3  4 |
---------------+-------------+-----
Armour         | 1 2 |  2.4
Axes           | 4 |  4.5
Fighting       | 4 |  4.1
Dodging        | |  2.6
Stealth        | |  2.4

Action                   |  1- 3 |  4- 6 || total
-------------------------+-------+-------++-------
Melee: Hand axe          |   104 |   180 ||   284
Throw: Dart              |     6 |    42 ||    48
 Abil: Dig               |     1 |     2 ||     3
  Use: Potion            |       |     4 ||     4
 Stab: Sleeping          |     2 |     2 ||     4
Armor: Robe              |     9 |       ||     9
       Ring mail         |     2 |    50 ||    52
       Scale mail        |       |    19 ||    19
Dodge: Dodged            |    63 |    90 ||   153

Levels and vault maps discovered:
D:1:      nagdon_arrival_zigzag_paths, layout_basic, patterned_corridor
D:2:      layout_basic, uniq_robin
D:3:      layout_loops_corners, minmay_misc_feat_five, uniq_grinder
